 Dungeon Crawl Stone Soup version 0.30-a0-534-gdc55766716 (webtiles) character file.

Game seed: 14737859945245205657

235124 arthad the Luminary of Lethal Lore (level 19, -12/151 HPs)
             Began as a Gnoll Fire Elementalist on Dec 24, 2022.
             Was the Champion of Vehumet.
             Killed from afar by a quicksilver dragon (24 damage)
             ... with a bolt of dispelling energy
             ... on level 4 of the Snake Pit.
             The game lasted 03:51:36 (38812 turns).

arthad the Luminary of Lethal Lore (GnFE)          Turns: 38812, Time: 03:51:37

Health: -12/151    AC: 15    Str: 11    XL:     19   Next: 62%
Magic:  35/37      EV: 20    Int: 23    God:    Vehumet [******]
Gold:   1291       SH:  0    Dex: 17    Spells: 4/46 levels left

rFire   . . .      SeeInvis +    b - +8 longbow "Zephyr" {speed, Dex+3 SInv}
rCold   + + .      Faith    .    (shield currently unavailable)
rNeg    . . .      Spirit   .    H - +1 troll leather armour of Impressiveness {*Slow rPois rC+ Regen+ Str+2}
rPois   +          Reflect  .    l - +1 hat {SInv}
rElec   +          Harm     .    J - scarf {repulsion}
rCorr   +          Rampage  .    P - +2 pair of gloves
Will    +....                    M - +1 pair of boots
Stlth   ++++++                   N - amulet of Xom's Hatred {RegenMP rElec}
HPRegen 2.05/turn                f - ring "Hiofeqot" {Fly rC+ rCorr Int+3}
MPRegen 0.65/turn                n - +4 ring of slaying

@: flying, studying Ice Magic, repel missiles
A: fangs 1, strong nose, distributed training, hooves 1, poison resistance,
regeneration 1, shaggy fur 1, wild magic 2
}: 1/15 runes: barnacled
a: Renounce Religion


You were on level 4 of the Snake Pit.
You worshipped Vehumet.
Vehumet was exalted by your worship.
You visited 6 branches of the dungeon, and saw 31 of its levels.
You also visited: Gauntlet and Ice Cave.

You collected 3482 gold pieces.
You spent 2191 gold pieces at shops.

Inventory:

Hand Weapons
 b - the +8 longbow "Zephyr" (weapon) {speed, Dex+3 SInv}
   (You bought it in a shop on level 2 of the Orcish Mines)

   Attacks with this weapon are significantly faster.
   Dex:       It affects your dexterity (+3).
   SInv:      It lets you see invisible.
 D - a +8 broad axe of flaming
 R - a +2 rapier of electrocution
Missiles
 p - 90 poisoned darts
 G - 4 boomerangs of dispersal
Armour
 k - quicksilver dragon scales
 l - a +1 hat of see invisible (worn)
 m - a +0 kite shield of reflection
 H - the +1 troll leather armour of Impressiveness (worn) {*Slow rPois rC+ Regen+ Str+2}
   (You bought it in a shop on level 1 of the Orcish Mines)

   Str:       It affects your strength (+2).
   rC:        It protects you from cold.
   rPois:     It protects you from poison.
   Regen:     It increases your rate of health regeneration.
   *Slow:     It may slow you when you take damage.
 J - a scarf of repulsion (worn)
 M - a +1 pair of boots (worn)
 P - a +2 pair of gloves (worn)
 Y - a +1 cloak
Magical Staves
 a - a staff of fire
 q - a staff of conjuration
Jewellery
 f - the ring "Hiofeqot" (left hand) {Fly rC+ rCorr Int+3}
   (You acquired it on level 4 of the Dungeon)

   [ring of protection from cold]

   Int:       It affects your intelligence (+3).
   rC:        It protects you from cold.
   Fly:       It grants you flight.
   rCorr:     It protects you from acid and corrosion.
 i - the amulet of Jouheik {Rampage rN+ Regen+ Str-4 Int+2}
   (You found it in a Gauntlet)

   [amulet of regeneration]

   Str:       It affects your strength (-4).
   Int:       It affects your intelligence (+2).
   rN:        It protects you from negative energy.
   Regen:     It increases your rate of health regeneration.
   Rampage:   It bestows one free step when moving towards enemies.
 n - a +4 ring of slaying (right hand)
 x - the amulet of Bouxziur {rC- Regen+ Str+6 Int+4}
   (You found it on level 12 of the Dungeon)

   [amulet of regeneration]

   Str:       It affects your strength (+6).
   Int:       It affects your intelligence (+4).
   rC:        It makes you vulnerable to cold.
   Regen:     It increases your rate of health regeneration.
 y - the ring "Tacus" {Fly rF+ Will+ Dex+6}
   (You found it on level 12 of the Dungeon)

   [ring of dexterity]

   Dex:       It affects your dexterity (+6).
   rF:        It protects you from fire.
   Fly:       It grants you flight.
   Will:      It increases your willpower.
 B - a ring of wizardry
 F - a ring of fire
 N - the amulet of Xom's Hatred (around neck) {RegenMP rElec}
   (You took it off an orc warrior on level 8 of the Dungeon)

   [amulet of magic regeneration]

   It increases your rate of magic regeneration.
   rElec:     It insulates you from electricity.
 V - a ring of wizardry
Wands
 e - a wand of polymorph (20)
 h - a wand of digging (4)
 o - a wand of roots (15)
 t - a wand of acid (7)
 S - a wand of flame (50)
 X - a wand of charming (8)
Scrolls
 g - 3 scrolls of magic mapping
 j - 4 scrolls of fog
 A - a scroll of amnesia
 C - a scroll of fear
 E - a scroll of summoning
 I - 7 scrolls of identify
 K - 3 scrolls of silence
 L - 10 scrolls of teleportation
 U - 4 scrolls of immolation
Potions
 c - 7 potions of brilliance
 d - a potion of might
 r - 9 potions of curing
 w - 2 potions of cancellation
 z - 2 potions of berserk rage
 O - 3 potions of mutation
 Q - 5 potions of haste
 W - 3 potions of resistance
 Z - a potion of magic
Miscellaneous
 s - a phantom mirror (inert)
 v - a phial of floods
 T - a condenser vane (inert)


   Skills:
 + Level 13.6 Fighting
 + Level 13.6 Short Blades
 + Level 13.6 Long Blades
 + Level 13.6 Axes
 + Level 13.6 Maces & Flails
 + Level 13.6 Polearms
 + Level 13.6 Staves
 + Level 13.6 Ranged Weapons
 + Level 13.6 Throwing
 + Level 13.6 Armour
 + Level 14.3 Dodging
 + Level 14.2 Stealth
 + Level 13.6 Shields
 + Level 13.6 Unarmed Combat
 + Level 14.4 Spellcasting
 + Level 11.8 Conjurations
 + Level 11.6 Hexes
 + Level 11.6 Summonings
 + Level 11.6 Necromancy
 + Level 11.6 Translocations
 + Level 11.6 Transmutations
 + Level 12.7 Fire Magic
 + Level 13.9 Ice Magic
 + Level 11.6 Air Magic
 + Level 11.6 Earth Magic
 + Level 11.6 Poison Magic
 + Level 14.8 Invocations
 + Level 13.6 Evocations


You had 4 spell levels left.
You knew the following spells:

 Your Spells              Type           Power      Damage    Failure   Level
a - Foxfire               Conj/Fire      100%       2x1d9     1%          1
b - Scorch                Fire           100%       2d10      1%          2
c - Yara's Violent Unrav  Hex/Tmut       42%        3d17      1%          5
d - Ignition              Fire           44%        3d13      47%         8
e - Flame Wave            Conj/Fire      87%        2d19      1%          4
f - Static Discharge      Conj/Air       100%       2-7/arc   1%          2
g - Sticky Flame          Conj/Fire      87%        2d10      1%          4
h - Airstrike             Air            42%        2d(6-22)  1%          4
i - Dispel Undead         Necr           84%        3d27      2%          4
j - Necrotise             Necr           100%       1d9       1%          1
k - Orb of Destruction    Conj           42%        9d12      13%         7

Your spell library contained the following spells:

 Spells                   Type           Power      Damage    Failure   Level
 Lehudib's Crystal Spear  Conj/Erth      42%        10d10     61%         8
 Polar Vortex             Ice            46%        N/A       98%         9
 Fire Storm               Conj/Fire      43%        8d11      100%        9
 Apportation              Tloc           100%       N/A       1%          1
 Beastly Appendage        Tmut           100%       N/A       1%          1
 Kiss of Death            Conj/Necr      100%       2d13      1%          1
 Sandblast                Erth           100%       2d20      1%          1
 Shock                    Conj/Air       100%       1d9       1%          1
 Summon Small Mammal      Summ           100%       N/A       1%          1
 Ensorcelled Hibernation  Hex/Ice        100%       N/A       1%          2
 Passwall                 Tmut/Erth      70%        N/A       1%          2
 Wereblood                Tmut           84%        N/A       1%          2
 Confusing Touch          Hex            84%        N/A       1%          3
 Dazzling Flash           Conj/Hex       100%       N/A       1%          3
 Ignite Poison            Fire/Tmut/Pois 86%        N/A       1%          3
 Inner Flame              Hex/Fire       86%        N/A       1%          3
 Kindle Blastsparks       Fire/Tloc/Air  100%       2d18      1%          3
 Ozocubu's Armour         Ice            92%        N/A       1%          3
 Spider Form              Tmut/Pois      84%        N/A       1%          3
 Stone Arrow              Conj/Erth      100%       3d13      1%          3
 Teleport Other           Tloc           84%        N/A       1%          3
 Tukima's Dance           Hex            84%        N/A       1%          3
 Vhi's Electric Charge    Tloc/Air       100%       N/A       1%          3
 Olgreb's Toxic Radiance  Pois           84%        N/A       1%          4
 Anguish                  Hex/Necr       42%        N/A       2%          4
 Cause Fear               Hex            42%        N/A       2%          4
 Arcjolt                  Conj/Air       42%        1d52      1%          5
 Lightning Bolt           Conj/Air       42%        1d62      1%          5
 Metabolic Englaciation   Hex/Ice        44%        N/A       3%          5
 Eringya's Noxious Bog    Tmut/Pois      42%        N/A       3%          6
 Agony                    Necr           84%        N/A       4%          5
 Alistair's Intoxication  Tmut/Pois      56%        N/A       4%          5
 Blade Hands              Tmut           42%        N/A       4%          5
 Borgnjor's Vile Clutch   Necr/Erth      42%        N/A       4%          5
 Silence                  Hex/Air        42%        N/A       4%          5
 Ozocubu's Refrigeration  Ice            46%        4d17      7%          7
 Simulacrum               Ice/Necr       44%        N/A       10%         6
 Dragon Form              Tmut           42%        N/A       47%         7
 Discord                  Hex            42%        N/A       98%         8
 Dragon's Call            Summ           42%        N/A       100%        9


Dungeon Overview and Level Annotations

Branches:
Dungeon (15/15)            Temple (1/1) D:4            Lair (5/5) D:11
 Shoals (4/4) Lair:3        Snake (4/4) Lair:2        Slime (0/5) Lair:4
    Orc (2/2) D:11            Elf (0/3) Orc:2        Vaults (0/5) D:14
 Depths (0/4) D:15          IceCv (visited)         Gauntlet (visited)

Altars:
Ashenzari
Cheibriados
Dithmenos
Elyvilon
Fedhas
Gozag
Hepliaklqana
Kikubaaqudgha
Makhleb
Nemelex Xobeh
Okawaru
Qazlal
Ru
Sif Muna
Trog
Uskayaw
Vehumet
Wu Jian
Xom
Yredelemnul
Zin
The Shining One

Shops:
D:1 ?*   D:10 *   D:11 [   Orc:1 [   Orc:2 (?:!   Shoals:1 !   Shoals:2 *
Snake:1 =::   Snake:3 =*

Annotations:
D:7 1 runed translucent door, lotum's ghost, novice DsAr
D:8 2 transporters, Grum
D:9 3 runed translucent doors, BubbleThief's ghost, novice DsNe
D:14 3 runed translucent doors
D:15 4 transporters
Snake:3 3 runed translucent doors, exclusion: obsidian statue, Ciog's ghost, adept GrFi
Orc:2 3 runed translucent doors, billz999's ghost, journeyman GnHu


Innate Abilities, Weirdness & Mutations

You have very sharp teeth.
Your uncanny sense of smell can sniff out nearby items.
Your experience applies equally to all skills.
You have large cloven feet.
Your system is resistant to poisons. (rPois)
Your natural rate of healing is unusually fast.
You are covered in fur. (AC +1)
Your spells are harder to cast, but more powerful.


Message History

Okay, then.
As you read the scroll of fear, it crumbles to dust.
You assume a fearsome visage.
The quicksilver dragon looks frightened!
The quicksilver dragon resists with almost no effort.
The quicksilver dragon barely misses you.
The quicksilver dragon claws you!
* * * LOW HITPOINT WARNING * * *
The quicksilver dragon is engulfed in poison gas.
The quicksilver dragon looks as sick as possible!
The quicksilver dragon bites you!
* * * LOW HITPOINT WARNING * * *
The quicksilver dragon misses you.
You feel better.
The quicksilver dragon looks as sick as possible!
The quicksilver dragon barely misses you.
The quicksilver dragon misses you.
The quicksilver dragon attacks as you move away!
The quicksilver dragon barely misses you.
The quicksilver dragon claws you.
* * * LOW HITPOINT WARNING * * *
The quicksilver dragon is engulfed in poison gas.
The quicksilver dragon looks as sick as possible!
The quicksilver dragon breathes dispelling energy at you.
The bolt of dispelling energy is repelled.
The quicksilver dragon attacks as you move away!
The quicksilver dragon bites you.
* * * LOW HITPOINT WARNING * * *
The quicksilver dragon misses you.
The quicksilver dragon completely misses you.
The quicksilver dragon closely misses you.
There is an open door, spattered with blood here.
The quicksilver dragon attacks as you move away!
The quicksilver dragon bites you!
* * * LOW HITPOINT WARNING * * *
The quicksilver dragon claws you.
* * * LOW HITPOINT WARNING * * *
The quicksilver dragon breathes dispelling energy at you.
The bolt of dispelling energy hits you!!
You die...

..#...##...###...###...##)..#...#
###..####.###.....###.####..##..#
##....#...###..8..###...#....##..
#....).....###...###..........##.
....##'##...###'###...##'##....#.
...##...##..##...##..##...##...#.
#..#.....#..#.....#..#.....#..##.
...#8.⌠..'..#..8..#..'..⌠.8#...#.
...#.....#..##..@##..#.....#...#<
#..##.8.###..##'##..###.8.##..##.
##..#####.#'.†.D†..'#.#####..##.[
##...##...##8...8##...##...##...
##......##.......##......###...
####..##...#.#...##..#### ####
#####..#####§§##### ##.,***.§##
#.,,*...#


You could see a quicksilver dragon (very poisoned, catching breath).

Vanquished Creatures
  2 Ice Fiends (IceCv)
  Jorgrun (D:14)
  Mlioglotl (Shoals:4)
  A kraken (Shoals:1)
  Agnes (Snake:3)
  Gastronok (Lair:1)
  Polyphemus (Shoals:3)
  Ilsuiw (Shoals:3)
  3 nagarajas
  4 slime creatures
  A stone giant (D:15)
  Azrael (D:13)
  A minotaur (Gauntlet)
  A dire elephant (Lair:5)
  An ettin (D:12)
  6 merfolk impalers (Shoals:4)
  6 merfolk javelineers
  Erolcha (D:13)
  An ice dragon (Lair:1)
  9 salamander tyrants
  5 merfolk avatars
  2 hydras
  8 anacondas
  2 ogre magi (Orc:2)
  2 alligator snapping turtles
  12 two-headed ogres
  2 merfolk aquamancers
  3 caustic shrike simulacra (IceCv)
  21 death yaks
  7 catoblepae
  7 centaur warriors
  2 dancing weapons
  3 boulder beetles
  Erica (D:8)
  3 satyrs
  A deep troll shaman (Lair:5)
  2 tengu warriors (D:15)
  An orc high priest (Orc:1)
  11 naga warriors
  Urug (Lair:1)
  9 shock serpents
  A sun demon (D:11)
  10 naga sharpshooters
  A flayed ghost (D:12)
  4 salamander mystics
  2 deep trolls (Orc:2)
  Lodul (D:13)
  18 sea snakes
  A spectral wolf spider (Gauntlet)
  2 bog bodies (IceCv)
  A kraken simulacrum (Shoals:4)
  A death drake (Gauntlet)
  An orc knight (D:15)
  2 obsidian statues (IceCv)
  7 naga ritualists
  A necromancer (Lair:5)
  3 deep elf pyromancers
  A wolf spider zombie (Gauntlet)
  23 harpies
  12 manticores
  6 oklob plants (Lair:3)
  10 mana vipers
  10 cyclopes
  7 fauns
  30 salamanders
  12 merfolk sirens
  9 ugly things
  A centaur zombie (Gauntlet)
  40 black mambas
  5 guardian serpents
  13 naga magi
  9 elephants (Lair:5)
  7 gargoyles
  4 molten gargoyles (D:11)
  7 water nymphs
  15 cane toads
  5 rime drakes
  An anaconda simulacrum (IceCv)
  A yaktaur (Shoals:1)
  3 kobold demonologists
  7 komodo dragons
  3 freezing wraiths (IceCv)
  A komodo dragon (shapeshifter) (D:13)
  3 efreet
  A tengu conjurer (D:15)
  2 golden dragon simulacra (IceCv)
  12 trolls
  3 ice devils
  A red devil (D:11)
  27 merfolk
  2 polar bears
  6 wind drakes
  A troll (shapeshifter) (D:9)
  3 meliai (D:13)
  13 blink frogs
  Prince Ribbit (D:8)
  Grinder (D:3)
  9 dream sheep
  A spectral meliai (Gauntlet)
  14 snapping turtles
  5 flying skulls (Gauntlet)
  12 water elementals
  5 wyverns
  29 yaks
  5 basilisks
  2 vampires (D:12)
  3 wraiths
  Eustachio (D:4)
  5 fire elementals (D:13)
  A chaos spawn (D:11)
  6 vampire mosquitoes
  A neqoxec (D:11)
  A warg (Orc:2)
  34 nagas
  2 hydra simulacra (IceCv)
  20 water moccasins
  A hell hound (D:12)
  A meliai simulacrum (D:15)
  An ice beast (D:6)
  21 orc warriors
  A swamp drake (D:11)
  A sky beast (D:7)
  5 black bears
  4 ettin simulacra (IceCv)
  6 wolves (Lair:5)
  29 ogres
  8 centaurs
  5 kobold brigands
  14 bullfrogs
  6 necrophages (Lair:4)
  4 scorpions
  2 deep troll simulacra (IceCv)
  6 wights
  4 killer bees (D:9)
  A lindwurm simulacrum (IceCv)
  4 electric eels
  9 howler monkeys
  2 gnoll boudas
  5 hounds
  3 quasits (D:11)
  15 orc priests
  Crazy Yiuf (D:6)
  An iguana (D:6)
  Ijyb (D:4)
  20 orc wizards
  A polar bear simulacrum (Lair:5)
  6 hell rats (Lair:5)
  5 yak simulacra (Lair:5)
  2 wolf simulacra (Lair:5)
  Robin (D:3)
  9 adders
  11 gnolls
  A shadow imp (D:7)
  4 white imps
  An ufetubus (D:6)
  2 adder zombies (D:4)
  3 worms
  63 orcs
  5 ball pythons
  3 bats
  6 endoplasms
  A giant cockroach (D:1)
  11 goblins
  7 hobgoblins
  23 kobolds
  3 quokkas
  3 frilled lizards
  A rat (D:1)
  3 river rat simulacra (Lair:5)
  10 bushes
1045 creatures vanquished.

Vanquished Creatures (collateral kills)
  Donald (Snake:4)
  Louise (Snake:4)
  A salamander (Snake:2)
  A black mamba (Snake:4)
  A hell hound (D:13)
  An ogre (D:13)
  11 foxfires
17 creatures vanquished.

Vanquished Creatures (others)
  Nikola (Snake:3)
  A tengu warrior (D:15)
  26 demonic plants
  1769 foxfires
  20 fungi
  69 plants
  10 tentacles
  4 toadstools (D:13)
1900 creatures vanquished.

Grand Total: 2962 creatures vanquished

Notes
Turn   | Place    | Note
-------+----------+-------------------------------------------
     0 | D:1      | arthad the Gnoll Fire Elementalist began the quest for the
                  | Orb.
     0 | D:1      | Reached XP level 1. HP: 13/13 MP: 6/6
   105 | D:1      | Found Onoej's Magic Scroll Boutique.
   211 | D:1      | Reached XP level 2. HP: 19/19 MP: 4/7
   397 | D:1      | Found Dyokoj's General Store.
   890 | D:2      | Reached skill level 5 in Spellcasting
   890 | D:2      | Reached XP level 3. HP: 25/25 MP: 6/9
   894 | D:2      | Reached skill level 1 in Invocations
  1077 | D:2      | Reached skill level 1 in Fighting
  1077 | D:2      | Reached skill level 1 in Short Blades
  1077 | D:2      | Reached skill level 1 in Long Blades
  1077 | D:2      | Reached skill level 1 in Axes
  1077 | D:2      | Reached skill level 1 in Maces & Flails
  1077 | D:2      | Reached skill level 1 in Polearms
  1077 | D:2      | Reached skill level 1 in Staves
  1077 | D:2      | Reached skill level 1 in Ranged Weapons
  1077 | D:2      | Reached skill level 1 in Throwing
  1077 | D:2      | Reached skill level 1 in Armour
  1077 | D:2      | Reached skill level 1 in Shields
  1077 | D:2      | Reached skill level 1 in Unarmed Combat
  1077 | D:2      | Reached skill level 1 in Evocations
  1166 | D:2      | Reached XP level 4. HP: 32/32 MP: 6/11
  1488 | D:3      | Noticed Robin
  1503 | D:3      | Killed Robin
  1504 | D:3      | Reached skill level 1 in Hexes
  1504 | D:3      | Reached skill level 1 in Summonings
  1504 | D:3      | Reached skill level 1 in Necromancy
  1504 | D:3      | Reached skill level 1 in Translocations
  1504 | D:3      | Reached skill level 1 in Transmutations
  1504 | D:3      | Reached skill level 1 in Ice Magic
  1504 | D:3      | Reached skill level 1 in Air Magic
  1504 | D:3      | Reached skill level 1 in Earth Magic
  1504 | D:3      | Reached skill level 1 in Poison Magic
  2242 | D:3      | Noticed Grinder
  2247 | D:3      | Learned a level 2 spell: Scorch
  2251 | D:3      | Learned a level 3 spell: Inner Flame
  2255 | D:3      | Learned a level 3 spell: Kindle Blastsparks
  2260 | D:3      | Learned a level 4 spell: Flame Wave
  2270 | D:3      | Killed Grinder
  2271 | D:3      | Reached skill level 5 in Dodging
  2271 | D:3      | Reached XP level 5. HP: 38/38 MP: 4/12
  2271 | D:3      | Reached XP level 6. HP: 44/44 MP: 4/14
  2425 | D:4      | Found a staircase to the Ecumenical Temple.
  2440 | Temple   | Entered the Ecumenical Temple
  2773 | Temple   | Became a worshipper of Vehumet
  2924 | D:4      | Identified the +1 leather armour of Uzumydyo {rC+ Int+4}
  2941 | D:4      | Found a shimmering blue altar of Sif Muna.
  2955 | D:4      | Reached XP level 7. HP: 39/50 MP: 8/15
  2956 | D:4      | Identified a scroll of acquirement
  2956 | D:4      | Acquired the ring "Hiofeqot" {Fly rC+ rCorr Int+3}
  2961 | D:4      | Got Sif Muna's Encyclopedia of the Zephyr
  3036 | D:4      | Noticed Eustachio
  3045 | D:4      | Killed Eustachio
  3134 | D:4      | Noticed Ijyb
  3138 | D:4      | Found a snail-covered altar of Cheibriados.
  3143 | D:4      | Killed Ijyb
  3144 | D:4      | Reached skill level 5 in Stealth
  3460 | D:4      | Found a basalt altar of Yredelemnul.
  3713 | D:5      | Entered Level 5 of the Dungeon
  3725 | D:5      | Reached XP level 8. HP: 34/58 MP: 0/16
  3888 | D:5      | Reached * piety under Vehumet
  3888 | D:5      | Offered knowledge of Sandblast by Vehumet.
  3917 | D:5      | Identified the +0 ring mail of Nerph {Str+6}
  3982 | D:5      | Found a bloodstained altar of Trog.
  4348 | D:5      | Identified the +2 leather armour "Voefu" {rF++ Int+3}
  4630 | D:6      | Identified the +3 short sword of Bifuser {vamp, rElec
                  | Will+}
  5335 | D:6      | Reached XP level 9. HP: 65/65 MP: 11/18
  5338 | D:6      | Offered knowledge of Static Discharge by Vehumet.
  5341 | D:6      | Reached ** piety under Vehumet
  5568 | D:6      | Found a runed translucent door.
  5569 | D:6      | Noticed Crazy Yiuf
  5660 | D:6      | Killed Crazy Yiuf
  5774 | D:7      | Found a runed translucent door.
  5777 | D:7      | Noticed lotum's ghost (novice DsAr)
  6190 | D:7      | Learned a level 2 spell: Static Discharge
  6429 | D:7      | Reached skill level 5 in Invocations
  6710 | D:8      | Noticed Prince Ribbit
  6718 | D:8      | Killed Prince Ribbit
  6855 | D:8      | Offered knowledge of Searing Ray by Vehumet.
  6865 | D:8      | Identified the +1 morningstar "Urhaiwod" {vorpal, rC- Str+4
                  | Dex+6}
  6876 | D:8      | Reached *** piety under Vehumet
  6943 | D:8      | Identified the amulet of Xom's Hatred {RegenMP rElec}
  7070 | D:8      | Reached skill level 5 in Fighting
  7070 | D:8      | Reached skill level 5 in Short Blades
  7070 | D:8      | Reached skill level 5 in Long Blades
  7070 | D:8      | Reached skill level 5 in Axes
  7070 | D:8      | Reached skill level 5 in Maces & Flails
  7070 | D:8      | Reached skill level 5 in Polearms
  7070 | D:8      | Reached skill level 5 in Staves
  7070 | D:8      | Reached skill level 5 in Ranged Weapons
  7070 | D:8      | Reached skill level 5 in Throwing
  7070 | D:8      | Reached skill level 5 in Armour
  7070 | D:8      | Reached skill level 5 in Shields
  7070 | D:8      | Reached skill level 5 in Unarmed Combat
  7070 | D:8      | Reached skill level 5 in Evocations
  7070 | D:8      | Reached XP level 10. HP: 74/74 MP: 15/20
  7261 | D:8      | Identified the ring "Urhum" {rPois rF+++ rCorr Int+3
                  | Stlth-}
  7282 | D:8      | Found a transporter.
  7299 | D:8      | Noticed Grum
  7334 | D:8      | Found a transporter.
  7334 | D:8      | Identified the +0 scale mail of the Lizard {Will+ Regen+
                  | Int-4}
  7427 | D:8      | Noticed Erica
  7437 | D:8      | Killed Erica
  7595 | D:9      | Offered knowledge of Dazzling Flash by Vehumet.
  7596 | D:9      | Reached skill level 5 in Conjurations
  7626 | D:9      | Noticed a centaur warrior
  7638 | D:9      | Killed a centaur warrior
  7639 | D:9      | Gained mutation: You are partially covered in iridescent
                  | scales. (AC +2) [potion of mutation]
  7639 | D:9      | Gained mutation: You have sharp toenails. [potion of
                  | mutation]
  7747 | D:9      | Noticed a deep elf pyromancer
  7788 | D:9      | Killed a deep elf pyromancer
  7854 | D:9      | Noticed a catoblepas
  7929 | D:9      | Reached skill level 5 in Hexes
  7929 | D:9      | Reached skill level 5 in Summonings
  7929 | D:9      | Reached skill level 5 in Necromancy
  7929 | D:9      | Reached skill level 5 in Translocations
  7929 | D:9      | Reached skill level 5 in Transmutations
  7929 | D:9      | Reached skill level 5 in Ice Magic
  7929 | D:9      | Reached skill level 5 in Air Magic
  7929 | D:9      | Reached skill level 5 in Earth Magic
  7929 | D:9      | Reached skill level 5 in Poison Magic
  7977 | D:9      | Found a runed translucent gate.
  7977 | D:9      | Found a runed translucent gate.
  7979 | D:9      | Found a runed translucent gate.
  7987 | D:9      | Reached XP level 11. HP: 75/81 MP: 12/23
  7991 | D:9      | Reached **** piety under Vehumet
  8116 | D:9      | Noticed a white ugly thing
  8119 | D:9      | Killed a catoblepas
  8119 | D:9      | Noticed a red ugly thing
  8184 | D:8      | Killed a red ugly thing
  8184 | D:8      | Offered knowledge of Sticky Flame by Vehumet.
  8186 | D:8      | Killed a red ugly thing
  8192 | D:8      | Learned a level 4 spell: Sticky Flame
  8221 | D:9      | Noticed a boulder beetle
  8235 | D:9      | Killed a boulder beetle
  8369 | D:9      | Noticed a cyclops
  8388 | D:9      | Killed a cyclops
  8628 | D:9      | Noticed BubbleThief's ghost (novice DsNe)
  8933 | D:10     | Entered Level 10 of the Dungeon
  9249 | D:10     | Noticed a two-headed ogre
  9255 | D:10     | Killed a two-headed ogre
  9401 | D:10     | Noticed a two-headed ogre
  9411 | D:10     | Killed a two-headed ogre
  9559 | D:10     | Found Ecyw's General Store.
  9562 | D:10     | Bought a scroll of fear for 60 gold pieces
 10033 | D:11     | Reached XP level 12. HP: 45/91 MP: 4/24
 10376 | D:11     | Found a staircase to the Orcish Mines.
 10386 | D:11     | Reached ***** piety under Vehumet
 10393 | D:11     | Offered knowledge of Airstrike by Vehumet.
 10573 | D:11     | Found a staircase to the Lair.
 10730 | D:11     | Noticed a sun demon
 10907 | D:11     | Killed a sun demon
 11034 | D:11     | Found Qeiw's Antique Armour Shoppe.
 11103 | D:10     | Learned a level 4 spell: Airstrike
 12273 | D:12     | Noticed a boulder beetle
 12289 | D:12     | Killed a boulder beetle
 12528 | D:12     | Noticed an ettin
 12553 | D:12     | Killed an ettin
 12566 | D:12     | Identified the ring "Boroigh" {rF+ rC- rN+ Stlth+}
 12681 | D:12     | Identified the +4 chain mail of Fefylay {Int+4 Dex+4}
 12684 | D:12     | Got Ukucko's Commentary on the Maledictive Wayfarer
 12685 | D:12     | Identified the amulet of Bouxziur {rC- Regen+ Str+6 Int+4}
 12687 | D:12     | Identified the ring "Tacus" {Fly rF+ Will+ Dex+6}
 12701 | D:12     | Lost mutation: You are partially covered in iridescent
                  | scales. (AC +2) [potion of mutation]
 12701 | D:12     | Lost mutation: You have sharp toenails. [potion of
                  | mutation]
 12701 | D:12     | Gained mutation: You are frail. (-10% HP) [potion of
                  | mutation]
 12701 | D:12     | Gained mutation: Your body sometimes deteriorates upon
                  | taking damage. [potion of mutation]
 12701 | D:12     | Gained mutation: Your spells are a little harder to cast,
                  | but a little more powerful. [potion of mutation]
 12702 | D:12     | Lost mutation: Your body sometimes deteriorates upon taking
                  | damage. [potion of mutation]
 12702 | D:12     | Lost mutation: You are frail. (-10% HP) [potion of
                  | mutation]
 12702 | D:12     | Gained mutation: Your spells are harder to cast, but more
                  | powerful. [potion of mutation]
 12702 | D:12     | Gained mutation: You have hidden genetic defects. [potion
                  | of mutation]
 12702 | D:12     | Gained mutation: You are covered in fur. (AC +1) [potion of
                  | mutation]
 12703 | D:12     | Lost mutation: You are covered in fur. (AC +1) [potion of
                  | mutation]
 12703 | D:12     | Lost mutation: You have hidden genetic defects. [potion of
                  | mutation]
 12703 | D:12     | Gained mutation: You have an increased reservoir of magic.
                  | (+10% MP) [potion of mutation]
 12703 | D:12     | Gained mutation: Your muscles are strong. (Str +4, Int/Dex
                  | -1) [potion of mutation]
 12703 | D:12     | Gained mutation: You are partially covered in iridescent
                  | scales. (AC +2) [potion of mutation]
 12774 | D:12     | Learned a level 4 spell: Dispel Undead
 13120 | D:13     | Reached XP level 13. HP: 98/98 MP: 29/29
 13486 | D:13     | Learned a level 1 spell: Necrotise
 13507 | D:13     | Noticed Azrael
 13515 | D:13     | Killed Azrael
 13589 | D:13     | Offered knowledge of Fulminant Prism by Vehumet.
 13733 | D:13     | Noticed Lodul
 13741 | D:13     | Killed Lodul
 13742 | D:13     | Reached skill level 10 in Spellcasting
 13969 | D:13     | Noticed Erolcha
 13978 | D:13     | Killed Erolcha
 14462 | D:14     | Reached skill level 10 in Dodging
 14585 | D:14     | Found a gate to the Vaults.
 15007 | D:14     | Found a runed translucent gate.
 15007 | D:14     | Found a runed translucent gate.
 15007 | D:14     | Found a runed translucent gate.
 15012 | D:14     | a wolf spider changed into an ettin
 15012 | D:14     | Noticed an ettin (glowing shapeshifter)
 15016 | D:14     | an ettin changed into an anaconda
 15201 | D:14     | Noticed Jorgrun
 15205 | D:14     | Reached skill level 10 in Stealth
 15212 | D:14     | Killed Jorgrun
 15381 | D:15     | Entered Level 15 of the Dungeon
 15401 | D:15     | Reached XP level 14. HP: 100/108 MP: 13/31
 15419 | D:15     | Found a frozen archway.
 15440 | IceCv    | Entered an ice cave
 15447 | IceCv    | Reached skill level 10 in Invocations
 15774 | IceCv    | Gained mutation: You have hidden genetic defects. [a
                  | neqoxec]
 16438 | IceCv    | Noticed an Ice Fiend
 16438 | IceCv    | Noticed an Ice Fiend
 16446 | IceCv    | HP: 5/108 [Ice Fiend/bolt of cold (19)]
 16447 | IceCv    | Killed an Ice Fiend
 16448 | IceCv    | Killed an Ice Fiend
 16459 | IceCv    | Gained mutation: Your body sometimes deteriorates upon
                  | taking damage. [hidden defects]
 16733 | D:15     | Offered knowledge of Orb of Destruction by Vehumet.
 16898 | D:15     | Found a staircase to the Depths.
 16898 | D:15     | Noticed a stone giant
 16905 | D:15     | Killed a stone giant
 16906 | D:15     | Gained mutation: You are clumsy. (Dex -2) [hidden defects]
 16906 | D:15     | Lost mutation: You have hidden genetic defects. [hidden
                  | defects expressed]
 17052 | D:15     | Found a transporter.
 17313 | D:15     | Found a transporter.
 17331 | D:15     | Found a transporter.
 17532 | D:15     | Found a transporter.
 17714 | Lair:1   | Entered Level 1 of the Lair of Beasts
 17736 | Lair:1   | Learned a level 7 spell: Orb of Destruction
 17933 | Lair:1   | Noticed Urug
 17943 | Lair:1   | Killed Urug
 17944 | Lair:1   | Reached skill level 10 in Fire Magic
 18117 | Lair:1   | Noticed Gastronok
 18132 | Lair:1   | Killed Gastronok
 18249 | Lair:1   | Reached skill level 10 in Fighting
 18249 | Lair:1   | Reached skill level 10 in Short Blades
 18249 | Lair:1   | Reached skill level 10 in Long Blades
 18249 | Lair:1   | Reached skill level 10 in Axes
 18249 | Lair:1   | Reached skill level 10 in Maces & Flails
 18249 | Lair:1   | Reached skill level 10 in Polearms
 18249 | Lair:1   | Reached skill level 10 in Staves
 18249 | Lair:1   | Reached skill level 10 in Ranged Weapons
 18249 | Lair:1   | Reached skill level 10 in Throwing
 18249 | Lair:1   | Reached skill level 10 in Armour
 18249 | Lair:1   | Reached skill level 10 in Shields
 18249 | Lair:1   | Reached skill level 10 in Unarmed Combat
 18249 | Lair:1   | Reached skill level 10 in Evocations
 18952 | Lair:2   | Reached XP level 15. HP: 115/115 MP: 25/33
 19145 | Lair:2   | Found a staircase to the Snake Pit.
 19492 | Lair:2   | Offered knowledge of Spellforged Servitor by Vehumet.
 21084 | Lair:3   | Found a staircase to the Shoals.
 22389 | Lair:4   | Found a staircase to the Slime Pits.
 22476 | Lair:5   | Entered Level 5 of the Lair of Beasts
 23190 | Lair:5   | Offered knowledge of Yara's Violent Unravelling by Vehumet.
 23740 | Lair:5   | Reached XP level 16. HP: 124/124 MP: 3/35
 24371 | Lair:5   | Reached skill level 10 in Ice Magic
 25386 | Lair:5   | Got the Quarto of Permutations and the Pyromaniac
 25663 | Orc:1    | Entered Level 1 of the Orcish Mines
 25747 | Orc:1    | Found Wuxo Giph's Antique Armour Emporium.
 25759 | Orc:1    | Bought a shiny helmet for 262 gold pieces
 25760 | Orc:1    | Bought a dazzling troll leather armour for 700 gold pieces
 25760 | Orc:1    | Identified the +1 troll leather armour of Impressiveness
                  | {*Slow rPois rC+ Regen+ Str+2} (You bought it in a shop on
                  | level 1 of the Orcish Mines)
 26021 | Lair:2   | Learned a level 5 spell: Yara's Violent Unravelling
 26132 | Orc:2    | Entered Level 2 of the Orcish Mines
 26132 | Orc:2    | Found Buxidaos's Distillery.
 26148 | Orc:2    | Offered knowledge of Lee's Rapid Deconstruction by Vehumet.
 26207 | Orc:2    | Found Guozez's Magic Scroll Emporium.
 26207 | Orc:2    | Found Seeres's Book Boutique.
 26211 | Orc:2    | Found Otinanke's Weapon Shoppe.
 26246 | Orc:2    | Found a gate leading to a gauntlet.
 26261 | Gauntlet | Entered a Gauntlet
 26261 | Gauntlet | Found a transporter.
 26261 | Gauntlet | Found a transporter.
 26281 | Gauntlet | Found a transporter.
 26291 | Gauntlet | Found a transporter.
 26318 | Gauntlet | Found a transporter.
 26322 | Gauntlet | Found a transporter.
 26344 | Gauntlet | Found a transporter.
 26415 | Gauntlet | Found a transporter.
 26430 | Gauntlet | Found a transporter.
 26444 | Gauntlet | Found a transporter.
 26457 | Gauntlet | Found a transporter.
 26473 | Gauntlet | Found a transporter.
 26540 | Gauntlet | Found a transporter.
 26548 | Gauntlet | Found a transporter.
 26551 | Gauntlet | Found a transporter.
 26552 | Gauntlet | Found a transporter.
 26783 | Gauntlet | Identified the amulet of Jouheik {Rampage rN+ Regen+ Str-4
                  | Int+2}
 26901 | Gauntlet | Reached skill level 10 in Conjurations
 26910 | Gauntlet | Identified the amulet "Posibosu" {RegenMP -Tele rPois Int+6
                  | Stlth+}
 27015 | Gauntlet | Identified the +4 dagger of Theory {spect, rElec rN+ MP+9
                  | Int-2}
 27025 | Gauntlet | Got Oguel's Foundations of Spellcasting
 27159 | Orc:2    | Found a runed translucent gate.
 27159 | Orc:2    | Found a runed translucent gate.
 27160 | Orc:2    | Found a runed translucent gate.
 27161 | Orc:2    | Noticed billz999's ghost (journeyman GnHu)
 27403 | Orc:2    | Bought a scroll of teleportation for 45 gold pieces
 27403 | Orc:2    | Bought a scroll of magic mapping for 112 gold pieces
 27414 | Orc:2    | Found a staircase to the Elven Halls.
 27584 | Orc:2    | Bought the +8 longbow "Zephyr" {speed, Dex+3 SInv} for 847
                  | gold pieces
 27584 | Orc:2    | Found the +8 longbow "Zephyr" {speed, Dex+3 SInv}
 27739 | Shoals:1 | Entered Level 1 of the Shoals
 27739 | Shoals:1 | Found Jujamnaoly's Distillery.
 27890 | Shoals:1 | You are sucked into a shaft and drop 1 floor!
 28266 | Shoals:1 | Reached XP level 17. HP: 130/133 MP: 32/37
 28700 | Shoals:1 | Noticed a kraken
 28711 | Shoals:1 | Killed a kraken
 29181 | Shoals:2 | Reached skill level 10 in Hexes
 29181 | Shoals:2 | Reached skill level 10 in Summonings
 29181 | Shoals:2 | Reached skill level 10 in Necromancy
 29181 | Shoals:2 | Reached skill level 10 in Translocations
 29181 | Shoals:2 | Reached skill level 10 in Transmutations
 29181 | Shoals:2 | Reached skill level 10 in Air Magic
 29181 | Shoals:2 | Reached skill level 10 in Earth Magic
 29181 | Shoals:2 | Reached skill level 10 in Poison Magic
 29186 | Shoals:2 | Reached ****** piety under Vehumet
 29478 | Shoals:2 | Found Loetat's General Store.
 29987 | Shoals:3 | Noticed Polyphemus
 30018 | Shoals:3 | Killed Polyphemus
 30326 | Shoals:3 | Noticed Ilsuiw
 30340 | Shoals:3 | Killed Ilsuiw
 31144 | Shoals:4 | Entered Level 4 of the Shoals
 31359 | Shoals:4 | Offered knowledge of Ozocubu's Refrigeration by Vehumet.
 31618 | Shoals:4 | Noticed Mlioglotl
 31688 | Shoals:4 | Reached XP level 18. HP: 70/141 MP: 21/38
 31762 | Shoals:4 | Killed Mlioglotl
 31956 | Shoals:4 | Offered knowledge of Lehudib's Crystal Spear by Vehumet.
 31956 | Shoals:4 | Offered knowledge of Fire Storm by Vehumet.
 31956 | Shoals:4 | Offered knowledge of Polar Vortex by Vehumet.
 32287 | Shoals:4 | Learned a level 8 spell: Ignition
 32442 | Shoals:4 | Got a barnacled rune of Zot
 32778 | Shoals:4 | Identified the +2 leather armour "Viseyscha" {Slay+3}
 33102 | Snake:1  | Entered Level 1 of the Snake Pit
 34020 | Snake:1  | Found Fejafuak's Jewellery Shoppe.
 34020 | Snake:1  | Found Vuluoshre's Book Shop.
 34021 | Snake:1  | Found Puoxikk's Book Shop.
 34234 | Orc:2    | Bought a potion of curing for 45 gold pieces
 34234 | Orc:2    | Bought a potion of magic for 120 gold pieces
 34235 | Orc:2    | Lost mutation: Your muscles are strong. (Str +4, Int/Dex
                  | -1) [potion of mutation]
 34235 | Orc:2    | Lost mutation: Your spells are harder to cast, but more
                  | powerful. [potion of mutation]
 34235 | Orc:2    | Lost mutation: You have an increased reservoir of magic.
                  | (+10% MP) [potion of mutation]
 34235 | Orc:2    | Gained mutation: You are covered in fur. (AC +1) [potion of
                  | mutation]
 34236 | Orc:2    | Lost mutation: You are clumsy. (Dex -2) [potion of
                  | mutation]
 34236 | Orc:2    | Lost mutation: Your body sometimes deteriorates upon taking
                  | damage. [potion of mutation]
 34236 | Orc:2    | Gained mutation: You have hidden genetic defects. [potion
                  | of mutation]
 34236 | Orc:2    | Gained mutation: Your system is resistant to poisons.
                  | (rPois) [potion of mutation]
 34236 | Orc:2    | Gained mutation: Your spells are harder to cast, but more
                  | powerful. [potion of mutation]
 34237 | Orc:2    | Lost mutation: You are partially covered in iridescent
                  | scales. (AC +2) [potion of mutation]
 34237 | Orc:2    | Lost mutation: You have hidden genetic defects. [potion of
                  | mutation]
 34237 | Orc:2    | Gained mutation: Your natural rate of healing is unusually
                  | fast. [potion of mutation]
 34237 | Orc:2    | Gained mutation: You have large cloven feet. [potion of
                  | mutation]
 36392 | Snake:3  | Noticed Nikola
 36400 | Snake:3  | Killed Nikola
 36560 | Snake:3  | Found a runed translucent gate.
 36560 | Snake:3  | Found a runed translucent gate.
 36560 | Snake:3  | Found a runed translucent gate.
 36561 | Snake:3  | Found an opulent altar of Gozag.
 36561 | Snake:3  | Found Pylenotz's Assorted Antiques.
 36565 | Snake:3  | Noticed Ciog's ghost (adept GrFi)
 36946 | Snake:3  | Noticed Agnes
 36962 | Snake:3  | Killed Agnes
 37017 | Snake:3  | Found Zoceoj's Jewellery Boutique.
 37452 | Snake:4  | Entered Level 4 of the Snake Pit
 37509 | Snake:4  | Reached XP level 19. HP: 142/149 MP: 37/37
 37579 | Snake:4  | Noticed Louise
 37608 | Snake:4  | Killed Louise
 37816 | Snake:4  | Found a shimmering altar of Xom.
 37821 | Snake:4  | Identified the +2 leather armour of Ziwyvib {rElec}
 37965 | Snake:4  | HP: 5/150 [salamander tyrant (19)]
 38357 | Snake:4  | Identified the +1 ring mail "Unnol" {Str+5}
 38496 | Snake:4  | Noticed Donald
 38527 | Snake:4  | Killed Donald
 38812 | Snake:4  | Killed from afar by a quicksilver dragon

Illustrated notes

Levels and vault maps discovered:
D:1:      lightli_iron_boxes, layout_basic, serial_shops,
          nicolae_shop_window_shopping, shop
D:2:      layout_rooms
D:3:      layout_loops_ring, kennysheep_cross_room, nicolae_hexahallways,
          uniq_robin, uniq_grinder
D:4:      layout_cave_pools, mainiacjoe_overflow_chevrons, led_sif_book,
          lemuel_zombie_altar_yredelemnul, minmay_temple_entry_purple_smoke,
          minmay_a_box_with_orc_wizards_in_it, uniq_ijyb, uniq_eustachio
D:5:      layout_basic, trog_three_pillars_becter, grunt_decor_junction,
          chequers_jeans
D:6:      layout_loops_cross, uniq_crazy_yiuf_cottage
D:7:      layout_basic, serial_rivers, chequers_serial_rivers_small_3,
          chequers_serial_rivers_small_a, chequers_serial_rivers_small_a,
          chequers_serial_rivers_small_3, chequers_serial_rivers_small_a,
          hellmonk_ghost_happy_afterlife, kennysheep_opposing_triangles
D:8:      layout_basic, gammafunk_ghost_gnarly_gnolls, grunt_decor_mini_mirrors,
          nicolae_lava_and_water, chequers_garden, uniq_prince_ribbit1,
          uniq_erica
D:9:      layout_gridville, gammafunk_ghost_icy, minmay_evil_grid
D:10:     layout_cave_pods, serial_shops, kennysheep_mini
D:11:     layout_gridville, lair_entry_dummy, erik_orc_1, serial_demonic,
          serial_demonic_d, serial_demonic_f, serial_demonic_b,
          serial_demonic_e, serial_shops, nicolae_shop_trees, minivault_8
D:12:     minmay_the_grid_four_pointed_star [minmay_the_grid_triangle_9x9_cache,
          minmay_the_grid_triangle_9x9_swiss_cheese,
          minmay_the_grid_triangle_9x9_descending_squares,
          minmay_the_grid_triangle_9x9_empty,
          minmay_the_grid_prize_diamond_cup], layout_stronghold
D:13:     layout_roguey, drop_trap, minmay_gold_behind_fungi, ldierk_geyser,
          uniq_lodul, uniq_erolcha, uniq_azrael
D:14:     layout_rooms, erik_vaults_1,
          ploomutoo_gammafunk_ghost_potion_laboratory,
          chequers_serial_rivers_room_a, minmay_misc_feat_cross, uniq_jorgrun
D:15:     grunt_enter_depths_snipers, layout_cave_pools, nicolae_wwwww,
          portal_ice_cave_entry_pillars_1, nicolae_diode_intersection
Temple:   hc_temple_tempest_star
Lair:1:   dragon1_lemuel, layout_chaotic_city, uniq_gastronok, uniq_urug
Lair:2:   layout_cave_shapes, minmay_snake_entry_six_corridors
Lair:3:   nzn_motion_control, layout_cave_pods, elwin_shoals_entry_rooms,
          grunt_forest_small_clearings, dpeg_oklob_1, grunt_megastairs_3
Lair:4:   layout_gridlike, slime_entry_1, roderic_carrion_pond
Lair:5:   grunt_lair_end_beastmaster, layout_gridlike, eino_house_with_fridge
Shoals:1: layout_shoals, nicolae_take_the_stairs, yaktaur_hedge
Shoals:2: layout_shoals, serial_shops, nicolae_shop_crystal
Shoals:3: layout_shoals, uniq_ilsuiw, uniq_polyphemus
Shoals:4: shoals_end_grunt_ice, layout_shoals, uniq_mlioglotl
Snake:1:  layout_misc_corridors, abandoned_shop, minmay_shop_grove
Snake:2:  layout_basic, grunt_ministairs_12, serial_bayou_pond_b,
          grunt_megastairs_4
Snake:3:  layout_cave_town, ebering_ghost_gozag, nicolae_snake_squiggles,
          minmay_shop_grid_forest, hangedman_snake_thin_pillar_pass,
          lemuel_fruit_tree, uniq_nikola, uniq_agnes
Snake:4:  hellmonk_snake_rune_quicksilver_temple, layout_misc_corridors,
          basic_altar, guppyfry_snake_island, uniq_donald, uniq_louise
Orc:1:    layout_caves, serial_shops, shop, lightli_orcish_oven
Orc:2:    st_orc_open, layout_caves, gammafunk_ghost_necromancy,
          gauntlet_entry_generic

Skill      XL: |  1  2  3  4  5  6  7  8  9 10 11 12 13 14 15 16 17 18 19 |
---------------+----------------------------------------------------------+-----
Conjurations   | 2 3 4 5 6 7 8 9 10 11 | 11.8
Spellcasting   | 5 6 7 8 9 10 11 12 13 14 | 14.4
Invocations    | 1 2 3 4 5 6 7 8 9 10 11 12 13 14 | 14.8
Fighting       | 1 2 3 5 6 7 8 9 10 11 12 13 | 13.6
Short Blades   | 1 2 3 5 6 7 8 9 10 11 12 13 | 13.6
Long Blades    | 1 2 3 5 6 7 8 9 10 11 12 13 | 13.6
Axes           | 1 2 3 5 6 7 8 9 10 11 12 13 | 13.6
Maces & Flails | 1 2 3 5 6 7 8 9 10 11 12 13 | 13.6
Polearms       | 1 2 3 5 6 7 8 9 10 11 12 13 | 13.6
Staves         | 1 2 3 5 6 7 8 9 10 11 12 13 | 13.6
Ranged Weapons | 1 2 3 5 6 7 8 9 10 11 12 13 | 13.6
Throwing       | 1 2 3 5 6 7 8 9 10 11 12 13 | 13.6
Armour         | 1 2 3 5 6 7 8 9 10 11 12 13 | 13.6
Shields        | 1 2 3 5 6 7 8 9 10 11 12 13 | 13.6
Unarmed Combat | 1 2 3 5 6 7 8 9 10 11 12 13 | 13.6
Evocations     | 1 2 3 5 6 7 8 9 10 11 12 13 | 13.6
Hexes          | 1 2 3 4 5 6 7 8 9 10 11 | 11.6
Summonings     | 1 2 3 4 5 6 7 8 9 10 11 | 11.6
Necromancy     | 1 2 3 4 5 6 7 8 9 10 11 | 11.6
Translocations | 1 2 3 4 5 6 7 8 9 10 11 | 11.6
Transmutations | 1 2 3 4 5 6 7 8 9 10 11 | 11.6
Ice Magic      | 1 2 3 4 5 6 7 8 9 11 12 13 | 13.9
Air Magic      | 1 2 3 4 5 6 7 8 9 10 11 | 11.6
Earth Magic    | 1 2 3 4 5 6 7 8 9 10 11 | 11.6
Poison Magic   | 1 2 3 4 5 6 7 8 9 10 11 | 11.6
Dodging        | 5 6 7 8 9 10 11 12 13 14 | 14.3
Stealth        | 5 6 7 8 9 10 11 12 13 14 | 14.2
Fire Magic     | 6 7 8 9 10 11 12 | 12.7

Action                   |  1- 3 |  4- 6 |  7- 9 | 10-12 | 13-15 | 16-18 | 19-21 || total
-------------------------+-------+-------+-------+-------+-------+-------+-------++-------
Melee: Unarmed           |     2 |     4 |       |       |       |       |       ||     6
       Short sword       |       |       |     5 |    45 |    47 |       |       ||    97
       Punch             |       |       |       |     4 |       |    11 |       ||    15
       Bite              |       |       |       |     6 |    17 |    31 |     1 ||    55
       Staff             |       |       |       |    34 |    64 |   158 |       ||   256
       Broad axe         |       |       |       |       |       |     9 |     3 ||    12
 Fire: Longbow           |       |       |       |       |       |   367 |   376 ||   743
Throw: Dart              |       |       |       |     4 |       |       |       ||     4
 Cast: Foxfire           |    34 |    51 |   176 |   227 |   399 |   113 |       ||  1000
       Scorch            |       |     5 |    61 |   104 |   244 |   126 |    15 ||   555
       Kindle Blastspark |       |       |     5 |     2 |     6 |       |       ||    13
       Inner Flame       |       |       |     1 |     3 |     1 |     1 |       ||     6
       Flame Wave        |       |       |     1 |     9 |    41 |    73 |     5 ||   129
       Static Discharge  |       |       |       |    35 |     2 |    10 |       ||    47
       Sticky Flame      |       |       |       |     1 |    21 |     3 |       ||    25
       Airstrike         |       |       |       |    23 |    85 |    32 |     4 ||   144
       Dispel Undead     |       |       |       |     1 |       |     5 |       ||     6
       Orb of Destructio |       |       |       |       |    24 |   140 |    16 ||   180
       Necrotise         |       |       |       |       |       |    10 |     2 ||    12
       Yara's Violent Un |       |       |       |       |       |     2 |     8 ||    10
Evoke: Wand              |       |       |       |     9 |    12 |     5 |     1 ||    27
       Phial of floods   |       |       |       |       |     3 |       |     1 ||     4
       Condenser vane    |       |       |       |       |       |     3 |     2 ||     5
       Phantom mirror    |       |       |       |       |       |       |     2 ||     2
  Use: Potion            |       |     1 |       |     9 |     8 |     7 |     2 ||    27
       Scroll            |       |       |    11 |    10 |    14 |    14 |     3 ||    52
 Stab: Sleeping          |       |       |     1 |     2 |       |     4 |       ||     7
       Distracted        |       |       |       |       |       |     1 |       ||     1
Armor: Robe              |     6 |       |       |       |       |       |       ||     6
       Leather armour    |       |       |    18 |    67 |   173 |     3 |       ||   261
       Skin              |       |       |       |     9 |       |       |       ||     9
       Quicksilver drago |       |       |       |       |       |   219 |       ||   219
       Troll leather arm |       |       |       |       |       |    29 |    63 ||    92
Dodge: Dodged            |     4 |     8 |    49 |   179 |   298 |   435 |   158 ||  1131
       Repelled          |       |       |       |       |       |       |     6 ||     6
Block: Buckler           |       |       |       |       |   126 |   130 |       ||   256

Table legend: (Time is in decaauts)
 A = Elapsed time spent in this place.
 B = Non-inter-level travel time spent in this place.
 C = Inter-level travel time spent in this place.
 D = Time resting spent in this place.
 E = Time spent auto-exploring this place.
 F = Levels seen in this place.
 G = Mean time per level.
                   A        B        C        D        E       F      G
               +--------+--------+--------+--------+--------+-----+--------+
         Total |  38529 |  36730 |   1799 |   6092 |  23412 |  33 | 1167.5 |
       Dungeon |  16291 |  15636 |    655 |   1746 |  11243 |  15 | 1086.1 |
        Temple |    351 |    293 |     58 |      0 |    275 |   1 |  351.0 |
          Lair |   8310 |   7699 |    611 |   2035 |   4412 |   5 | 1662.0 |
        Shoals |   5292 |   5132 |    160 |    896 |   3345 |   4 | 1323.0 |
     Snake Pit |   5156 |   4977 |    179 |    606 |   3050 |   4 | 1289.0 |
  Orcish Mines |   1109 |    976 |    133 |     34 |    659 |   2 |  554.5 |
      Ice Cave |   1238 |   1238 |      0 |    620 |    210 |   1 | 1238.0 |
      Gauntlet |    779 |    779 |      0 |    155 |    218 |   1 |  779.0 |
               +--------+--------+--------+--------+--------+-----+--------+

Top non-repeatable levels by time:
  Lair:5: 2626 daAuts
  Lair:3: 2131 daAuts
    D:12: 1710 daAuts
 Snake:2: 1707 daAuts
    D:11: 1654 daAuts
Shoals:3: 1600 daAuts
Shoals:4: 1578 daAuts
  Lair:1: 1369 daAuts
    D:10: 1289 daAuts
 Snake:4: 1246 daAuts
    D:13: 1244 daAuts
   IceCv: 1238 daAuts
     D:9: 1207 daAuts
  Lair:4: 1159 daAuts
 Snake:3: 1126 daAuts
